 Dungeon Crawl Stone Soup version 0.31-a0-232-gb1c03b2570 (webtiles) character file.

Game seed: 9470806393626954188

44 qw the Shooter (level 3, -1/21 HPs)
             Began as a Gargoyle Hexslinger on July 7, 2023.
             Slain by a worm (6 damage)
             ... on level 2 of the Dungeon.
             The game lasted 00:00:30 (1163 turns).

qw the Shooter (Gargoyle Hexslinger)                Turns: 1163, Time: 00:00:30

Health: -1/21      AC:  8    Str: 11    XL:     3   Next: 62%
Magic:  4/4        EV: 10    Int: 13    God:
Gold:   51         SH:  5    Dex: 14    Spells: 3/4 levels left

rFire   . . .        Y - +1 sling
rCold   . . .        (no shield)
rNeg    + . .        f - +0 ring mail
rPois   inf          (no helmet)
rElec   +            (no cloak)
rCorr   .            (no gloves)
SInv    .            (no boots)
Will    .....        i - amulet of reflection
Stlth   +            (no ring)
HPRegen 0.23/turn    (no ring)
MPRegen 0.09/turn

%: reflection
@: about to teleport
A: sickness immunity, AC +3, negative energy resistance 1, electricity
resistance, torment resistance 1, petrification resistance
a: no special abilities


You were on level 2 of the Dungeon.
You visited 1 branch of the dungeon, and saw 2 of its levels.

You collected 51 gold pieces.


Innate Abilities, Weirdness & Mutations

You are immune to sickness and miasma.
Your stone body is resilient. (AC +3)
You are immune to poison.
You resist negative energy. (rN+)
You are resistant to electric shocks. (rElec)
You are resistant to unholy torment.
You are immune to petrification.


   Skills:
 - Level 2.0 Fighting
 + Level 3.5 Ranged Weapons
 - Level 1.5 Dodging
 - Level 1.0 Spellcasting
 - Level 2.6 Hexes


You had 3 spell levels left.
You knew the following spells:

 Your Spells              Type           Power      Damage    Failure   Level
a - Slow                  Hex            28%        N/A       22%         1

Your spell library contained the following spells:

 Spells                   Type           Power      Damage    Failure   Level
 Inner Flame              Hex/Fire       4%         N/A       75%         3
 Portal Projectile        Hex/Tloc       8%         N/A       75%         3
 Cause Fear               Hex            3%         N/A       92%         4

Inventory:

Hand Weapons
 Y - a +1 sling (weapon)
Armour
 a - the +4 robe of Augmentation {Str+4 Int+4 Dex+4}
   (You found it on level 2 of the Dungeon)

   Str:       It affects your strength (+4).
   Int:       It affects your intelligence (+4).
   Dex:       It affects your dexterity (+4).
 f - a +0 ring mail (worn)
Jewellery
 i - an amulet of reflection (around neck)
Potions
 c - a potion of attraction {unknown}

Dungeon Overview and Level Annotations

Branches:
Dungeon (2/15)

Altars:
Xom


Message History

The worm bites you!
You shoot a sling bullet. The sling bullet hits the worm.
The worm is moderately wounded.
The worm completely misses you.
You shoot a sling bullet.
The sling bullet barely misses the worm.
The worm bites you but does no damage.
You shoot a sling bullet. The sling bullet hits the worm.
The worm is moderately wounded.
The worm closely misses you.
You shoot a sling bullet. The sling bullet hits the worm.
The worm is moderately wounded.
You shoot a sling bullet. The sling bullet hits the worm.
The worm is heavily wounded.
The worm bites you but does no damage.
You shoot a sling bullet.
The sling bullet barely misses the worm.
The worm bites you.
You shoot a sling bullet. The sling bullet hits the worm.
The worm is heavily wounded.
The worm bites you but does no damage.
You shoot a sling bullet.
The sling bullet completely misses the worm.
The worm barely misses you.
You shoot a sling bullet. The sling bullet hits the worm.
The worm is heavily wounded.
The worm bites you.
You shoot a sling bullet. The sling bullet hits the worm.
The worm is severely wounded.
You shoot a sling bullet.
The sling bullet barely misses the worm.
You block the worm's attack.
You shoot a sling bullet.
The sling bullet barely misses the worm.
The worm bites you.
1163 ||| READING scroll of teleportation.
As you read the scroll of teleportation, it crumbles to dust.
You feel strangely unstable. The worm bites you.
You die...

##### #......#.# #....#
#.####.#)###....#####.#
#.#...##................#
#......###.####.#.######
#..........# #.#.#
##.._..########.#.#
#.....#........#.#
#.....#.######.#.#
#######@# ###.#
#.w........# ##########.#


You could see a worm.

Vanquished Creatures
  A worm (D:2)
  4 orcs (D:2)
  5 bats
  3 endoplasms
  3 giant cockroaches (D:1)
  4 goblins
  4 hobgoblins
  A kobold (D:1)
  2 quokkas (D:1)
  A ball python (D:1)
  A frilled lizard (D:1)
  5 rats
34 creatures vanquished.

Notes
Turn   | Place    | Note
-------+----------+-------------------------------------------
     0 | D:1      | qw the Gargoyle Hexslinger began the quest for the Orb.
     0 | D:1      | Reached XP level 1. HP: 12/12 MP: 2/2
     0 | D:1      | 0 ||| qw: Version: 0.3-a-46-gb1f654a
     0 | D:1      | 0 ||| qw: Game counter: 2838
     0 | D:1      | 0 ||| qw: Melee chars always use a shield: true
     0 | D:1      | 0 ||| qw: God list: Okawaru
     0 | D:1      | 0 ||| qw: Allow faded altars: false
     0 | D:1      | 0 ||| qw: Do Orc after clearing Dungeon:15 true
     0 | D:1      | 0 ||| qw: Do second Lair branch before Depths: true
     0 | D:1      | 0 ||| qw: Lair rune preference: random
     0 | D:1      | 0 ||| qw: Goals: Normal
     0 | D:1      | 0 ||| PLANNING D:1-11
   300 | D:1      | Reached XP level 2. HP: 16/16 MP: 3/3
   354 | D:1      | Reached skill level 3 in Ranged Weapons
   740 | D:1      | 740 ||| UPGRADING to +0 ring mail.
   750 | D:1      | 750 ||| DROPPING +0 robe.
   751 | D:1      | 751 ||| UPGRADING to amulet of reflection.
   756 | D:1      | 756 ||| READING scroll labelled PEFFIH IC AVUVVA.
   757 | D:1      | 757 ||| READING 2 scrolls labelled TEZUJAW EHEO.
   758 | D:1      | 758 ||| READING 2 scrolls labelled VESCHISEIHA.
   762 | D:1      | 762 ||| READING 2 scrolls labelled HILYRR PEVUI.
   763 | D:1      | 763 ||| DROPPING scroll of poison.
   764 | D:1      | 764 ||| DROPPING scroll of fear.
   765 | D:1      | 765 ||| DROPPING scroll of fog.
   783 | D:2      | Found the +4 robe of Augmentation {Str+4 Int+4 Dex+4}
   790 | D:2      | Reached XP level 3. HP: 21/21 MP: 4/4
   814 | D:2      | HP: 2/21 [orc/+0 war axe (8)]
   815 | D:2      | 815 ||| READING scroll of teleportation.
  1109 | D:2      | Found a shimmering altar of Xom.
  1162 | D:2      | HP: 5/21 [worm (2)]
  1163 | D:2      | 1163 ||| READING scroll of teleportation.
  1163 | D:2      | Slain by a worm

Levels and vault maps discovered:
D:1:      dpeg_arrival_lava_temple_mockup, layout_loops_ring,
          palyth_stone_intersect
D:2:      layout_basic, basic_altar

Skill      XL: |  1  2 |
---------------+-------+-----
Ranged Weapons | 3 |  3.5
Fighting       | 2 |  2.0
Dodging        | |  1.5
Spellcasting   | |  1.0
Hexes          | |  2.6

Action                     || total
---------------------------++-------
   Fire: Sling             ||   134
    Use: Scroll            ||     6
 Armour: Robe              ||     7
         Ring mail         ||     7
  Dodge: Dodged            ||    43
  Block: Other             ||     9

Table legend:
 A = Non-vault XP
 B = Vault XP
 C = Vault XP percentage of total XP
 D = Non-vault monster count
 E = Vault monster count
 F = Vault count percentage of total count
                 A         B        C        D         E       F
            +---------+---------+-------+---------+---------+-------
      Total |      64 |       0 |   0.0 |      34 |       0 |   0.0
            +---------+---------+-------+---------+---------+-------
        D:1 |      33 |       0 |   0.0 |      20 |       0 |   0.0
        D:2 |      31 |       0 |   0.0 |      14 |       0 |   0.0
            +---------+---------+-------+---------+---------+-------
